 Dungeon Crawl Stone Soup version 0.28.0-53-g5a82cb258f (webtiles) character file.

Game seed: 7794287500334070496

153 Descartes the Sneak (level 5, 0/25 HPs)
             Began as a Felid Wanderer on July 24, 2022.
             Succumbed to a kobold's poison
             ... on level 3 of the Dungeon.
             The game lasted 00:06:37 (5313 turns).

Descartes the Sneak (Felid Wanderer)                Turns: 5313, Time: 00:06:38

Health: 0/25       AC:  2    Str: 11    XL:     5   Next: 12%
Magic:  6/6        EV: 21    Int: 10    God:
Gold:   79         SH:  0    Dex: 26    Spells: 4/4 levels left
                                        Lives:  0   Deaths: 1

rFire   . . .      SeeInvis +     - Unarmed
rCold   . . .      Faith    .   (shield unavailable)
rNeg    . . .      Spirit   .   (armour unavailable)
rPois   .          Reflect  .   (helmet unavailable)
rElec   .          Harm     .   (cloak unavailable)
rCorr   .          Rampage  .   (gloves unavailable)
Will    .....                   (boots unavailable)
Stlth   +++++.....              (no amulet)
HPRegen 0.08/turn               e - +6 ring of dexterity
MPRegen 0.10/turn               (no ring)

@: lethally poisoned (0 -> -4), quick
A: very small, claws 1, fangs 3, see invisible, speed 1, shaggy fur 2, stealthy
paws, no weapons or thrown items, no armour, multi-lived, thin skeletal
structure 1
a: no special abilities


You were on level 3 of the Dungeon.
You visited 1 branch of the dungeon, and saw 4 of its levels.

You collected 194 gold pieces.
You spent 115 gold pieces at shops.

Inventory:

Jewellery
 e - a +6 ring of dexterity (left paw)
 m - a ring of willpower
Wands
 d - a wand of polymorph (6) (quivered)
Scrolls
 c - a scroll of silence
 i - 2 scrolls of teleportation {unknown}
 j - 3 scrolls of identify {unknown}
 k - a scroll of acquirement {unknown}
 n - a scroll of amnesia {unknown}
 q - a scroll of magic mapping
Potions
 a - a potion of invisibility
 b - 2 potions of heal wounds
 f - 2 potions of flight {unknown}
 g - a potion of berserk rage {unknown}
 h - a potion of brilliance {unknown}
 l - 4 potions of curing {unknown}
 o - a potion of cancellation {unknown}


   Skills:
 - Level 4.0 Fighting
 + Level 4.3 Dodging
 + Level 4.9 Stealth
 + Level 4.6 Unarmed Combat
 - Level 3.2 Evocations


You had 4 spell levels left.
You didn't know any spells.
Your spell library contained the following spells:

 Spells                   Type           Power      Damage    Failure   Level
 Tukima's Dance           Hex            0%         N/A       75%         3
 Passage of Golubria      Tloc           0%         N/A       98%         4
 Yara's Violent Unravell  Hex/Tmut       0%         3d3       100%        5


Dungeon Overview and Level Annotations

Branches:
Dungeon (4/15)
 Temple: D:4-7

Altars:
Fedhas
Uskayaw

Shops:
D:4 *

Annotations:
D:2 1 runed translucent door, Crazy Yiuf, Natasha


Innate Abilities, Weirdness & Mutations

You have sharp claws.
You have razor-sharp teeth.
You have supernaturally acute eyesight. (SInv)
You cover ground quickly. (Speed+)
You are covered in thick fur. (AC +2)
Your paws help you pounce on unaware monsters.
You are incapable of wielding weapons or throwing items.
You cannot wear armour.
You gain extra lives every three experience levels.
You have a somewhat thin skeletal structure. (Dex +2, Stealth+)


Message History

You scratch the kobold but do no damage.
The kobold hits you with a +3 short sword of venom!
You are poisoned.
You completely miss the ufetubus.
You feel very sick. The ufetubus hits you. The ufetubus closely misses you.
The kobold misses you.
You are too injured to fight recklessly!
You are too injured to fight recklessly!
You are too injured to fight recklessly!
You are too injured to fight recklessly!
You are too injured to fight recklessly!
You are too injured to fight recklessly!
You are too injured to fight recklessly!
You are too injured to fight recklessly!
You are too injured to fight recklessly!
You are too injured to fight recklessly!
You are too injured to fight recklessly!
You are too injured to fight recklessly!
You are too injured to fight recklessly!
You are too injured to fight recklessly!
You are too injured to fight recklessly!
You are too injured to fight recklessly!
You feel sick.
The ufetubus misses you. x2; The ufetubus closely misses you.
The ufetubus misses you.
* * * LOW HITPOINT WARNING * * *
You feel sick.
The kobold unwields a +3 short sword of venom.
It stops dripping with poison.
The kobold wields a +0 hand crossbow.
The kobold shoots a bolt.
The bolt barely misses you. The ufetubus misses you. x2
* * * LOW HITPOINT WARNING * * *
You feel sick.
* * * LOW HITPOINT WARNING * * *
You feel sick.
There is a stone staircase leading up here.
* * * LOW HITPOINT WARNING * * *
You feel sick. The ufetubus completely misses you.
The ufetubus hits you but does no damage.
The ufetubus completely misses you. The ufetubus barely misses you.
You climb upwards.
You die...

# #.≈≈≈.###.....#.#.#
####### #######.≈_≈.#
#.###.#.#.# #......
......#.≈.≈.# #.#<#.#.#.#
#.#####
.......≈≈...###.#.#.#.#.#
#.#
.####....##.#...#...#.#.#
#.#
.#..#.#####.#.#######.#.#
#.# .#..#.#
#.#.........#.# #.#
.#..#.#####.###########.#
#.#
................@5....#.#
#.#
.#..#######.#########.#.#
#.# .#..# #.# #.#.###.#
.#..#######.# #.#.....#
.#...)....#.#
####.#######
.#.######...######....#
...# #...P.....P...# ...#
#...P≈≈...P...# ...#
#..P≈≈≈.P..P.##


You could see an ufetubus.

Vanquished Creatures
  An orc priest (D:2)
  Natasha (D:2)
  2 orc wizards
  Robin (D:1)
  7 adders
  5 dart slugs
  5 orcs
  5 bats
  9 endoplasms
  2 giant cockroaches
  11 hobgoblins
  8 jackals
  A quokka (D:1)
  6 ball pythons
  3 frilled lizards
  13 goblins
  9 kobolds
  5 rats
94 creatures vanquished.

Vanquished Creatures (others)
  An orc wizard (D:3)
  5 plants
6 creatures vanquished.

Grand Total: 100 creatures vanquished

Notes
Turn   | Place    | Note
-------+----------+-------------------------------------------
     0 | D:1      | Descartes the Felid Wanderer began the quest for the Orb.
     0 | D:1      | Descartes set off with the following items: a potion of
                  | invisibility, a potion of heal wounds, a scroll of silence,
                  | a wand of polymorph (6)
     0 | D:1      | Reached XP level 1. HP: 11/11 MP: 2/2
   159 | D:1      | Reached skill level 1 in Dodging
   159 | D:1      | Reached skill level 1 in Stealth
   174 | D:1      | Reached XP level 2. HP: 4/15 MP: 3/3
   880 | D:1      | Reached XP level 3. HP: 15/18 MP: 4/4
  1408 | D:1      | You fall into a shaft and drop 1 floor!
  1424 | D:2      | Found a runed translucent door.
  1425 | D:2      | Noticed Crazy Yiuf
  2248 | D:2      | Reached XP level 4. HP: 22/22 MP: 5/5
  2276 | D:2      | Noticed Natasha
  2279 | D:2      | Killed Natasha
  2714 | D:2      | Noticed Robin
  2802 | D:1      | Killed Robin
  3050 | D:2      | Reached XP level 5. HP: 22/25 MP: 6/6
  3347 | D:2      | Noticed Natasha
  3415 | D:3      | Found a blossoming altar of Fedhas.
  4808 | D:3      | Found a faded altar of an unknown god.
  5156 | D:4      | Gained mutation: You are covered in thick fur. (AC +2)
                  | [Felid growth]
  5156 | D:4      | Reached XP level 6. HP: 26/28 MP: 7/7
  5207 | D:4      | Found Mellutidgh's Merry Market.
  5215 | D:4      | Bought a potion of mutation for 80 gold pieces
  5215 | D:4      | Bought a scroll of magic mapping for 35 gold pieces
  5215 | D:4      | Gained mutation: You have a somewhat thin skeletal
                  | structure. (Dex +2, Stealth+) [potion of mutation]
  5227 | D:4      | Found a hide-covered altar of Uskayaw.
  5302 | D:4      | Slain by an ufetubus
  5303 | D:4      | Reached XP level 5. HP: -2/25 MP: 6/6
  5313 | D:3      | Succumbed to a kobold's poison

Illustrated notes

Levels and vault maps discovered:
D:1:      mrwooster_arrival_statue_2, layout_loops_corners,
          roderic_roman_lattice
D:2:      layout_loops_corners, chequers_serial_rivers_room_a,
          uniq_crazy_yiuf_cottage, uniq_robin, uniq_natasha
D:3:      layout_basic, fedhas_altar_2, hellmonk_ecumenical_altar_blasted,
          grunt_ministairs_14, guppyfry_early_lair_pool
D:4:      layout_rooms, nicolae_uskayaw_murder_on_the_dancefloor,
          hangedman_decor_opposing, nicolae_alphabet_shops,
          hangedman_decor_diamond_cutter, chequers_big_river

Skill      XL: |  1  2  3  4  5 |
---------------+----------------+-----
Dodging        | 1 2 3 4 |  4.3
Stealth        | 1 2 3 4 |  4.9
Unarmed Combat | 4 |  4.6
Fighting       | |  4.0
Evocations     | |  3.2

Action                   |  1- 3 |  4- 6 || total
-------------------------+-------+-------++-------
Melee: Unarmed           |    86 |   163 ||   249
       Bite              |     5 |    11 ||    16
       Punch             |       |     5 ||     5
  Use: Potion            |       |     1 ||     1
 Stab: Sleeping          |     7 |    14 ||    21
       Distracted        |       |     1 ||     1
Armor: Skin              |     4 |    12 ||    16
Dodge: Dodged            |    62 |   145 ||   207
